 Dungeon Crawl Stone Soup version 0.18-a0-884-gb6cfd45 (webtiles) character file.

1 Raultor the Ruffian (level 1, -2/16 HPs)
             Began as a Draconian Transmuter on Dec 22, 2015.
             Slain by a hobgoblin
             ... wielding a +0 club
              (6 damage)
             ... on level 1 of the Dungeon.
             The game lasted 00:00:18 (56 turns).

Raultor the Ruffian (Draconian Transmuter)            Turns: 56, Time: 00:00:19

Health: -2/16      AC:  4    Str: 12    XL:     1   Next: 16%
Magic:  3/3        EV: 12    Int: 13    God:
Gold:   18         SH:  0    Dex: 11    Spells: 1 memorised, 3 levels left

rFire  . . .     SeeInvis .       - Unarmed
rCold  . . .     Gourm    .     (armour unavailable)
rNeg   . . .     Faith    .     (no shield)
rPois  .         Spirit   .     (helmet restricted)
rElec  .         Dismiss  .     (no cloak)
rCorr  .         Reflect  .     (no gloves)
SustAt .         Harm     .     (no boots)
MR     .....                    (no amulet)
Stlth  +.........               (no ring)
                                (no ring)

@: not resistant to hostile enchantments, very unstealthy
A: unfitting armour, cold-blooded, AC +4
a: no special abilities


You were on level 1 of the Dungeon.
You were not hungry.

You visited 1 branch of the dungeon, and saw 1 of its levels.

You collected 18 gold pieces.

Inventory:

Missiles
 a - 12 arrows
Books
 b - a book of Changes
Comestibles
 c - a bread ration {@e1}


   Skills:
 + Level 1.1 Fighting
 + Level 1.9 Dodging
 * Level 3.0 Unarmed Combat
 - Level 2.0 Spellcasting
 * Level 2.0 Transmutations


You had 3 spell levels left.
You knew the following spells:

 Your Spells              Type           Power        Failure   Level  Hunger
a - Beastly Appendage     Trmt           #.....       12%         1    ##.....


Dungeon Overview and Level Annotations

Branches:
Dungeon (1/15)

Altars:


Innate Abilities, Weirdness & Mutations

Your plain brown scales are hard (AC +4).
Your body does not fit into most forms of armour.
You are cold-blooded and may be slowed by cold attacks.


Message History

Welcome, Raultor the Draconian Transmuter.
Will you prevail where others failed? Will you find the Orb of Zot?
Found a hand axe and 8 gold pieces.
Found a staircase leading out of the dungeon.
Found an escape hatch in the floor.
A goblin comes into view. It is wielding a dagger.
The goblin shouts!
You see here 8 gold pieces.
A goblin is nearby!
The goblin hits you but does no damage.
A giant newt comes into view.
You hit the goblin.
You kill the goblin!
You see here a dagger.
The giant newt closely misses you.
You miss the giant newt. The giant newt barely misses you.
You closely miss the giant newt. The giant newt bites you.
You take 2 damage, and have 14/16 hp.
You closely miss the giant newt. The giant newt misses you.
You miss the giant newt. The giant newt closely misses you.
You closely miss the giant newt.
The giant newt bites you but does no damage.
You closely miss the giant newt.
Your tail-slap misses the giant newt.
The giant newt misses you.
You miss the giant newt.
The giant newt bites you but does no damage.
You barely miss the giant newt. The giant newt barely misses you.
You hit the giant newt.
You kill the giant newt!
No target in view!
You see here a dagger.
You now have 8 gold pieces.
You now have 18 gold pieces (gained 10).
A hobgoblin comes into view. It is wielding a club.
Health restored: 16 The hobgoblin shouts!
The hobgoblin hits you with a club.
You take 5 damage, and have 11/16 hp.
MASSIVE DAMAGE!!
You hit the hobgoblin but do no damage. The hobgoblin hits you with a club.
You take 3 damage, and have 8/16 hp.
You are too injured to fight recklessly!
You are too injured to fight recklessly!
You barely miss the hobgoblin.
You tail-slap the hobgoblin, but do no damage.
The hobgoblin hits you with a club.
* * * LOW HITPOINT WARNING * * *
You take 4 damage, and have 4/16 hp.
MASSIVE DAMAGE!!
You hit the hobgoblin but do no damage. You tail-slap the hobgoblin.
The hobgoblin hits you with a club.
You die...

......................
.............##.......
........########......
......................
.
................##....
................. ....
.....####........ ...
.......@.........
...[..g..........
.................
.............!...
##.......#.......
#.......#.......
#.).............
...?[..........


You could see a hobgoblin.

Vanquished Creatures
  A giant newt (D:1)
  A goblin (D:1)
2 creatures vanquished.

Notes
Turn   | Place    | Note
--------------------------------------------------------------
     0 | D:1      | Raultor the Draconian Transmuter began the quest for the Orb.
     0 | D:1      | Reached XP level 1. HP: 16/16 MP: 3/3
    55 | D:1      | HP: 4/16 [hobgoblin/club (4)]
    56 | D:1      | Slain by a hobgoblin

Vault maps used:
D:1:      minmay_arrival_five_plusses

Action                   || total
-------------------------++-------
Melee: Unarmed           ||    13

Vault maps used:
D:1:      minmay_arrival_five_plusses

Table legend:
 A = Turns spent in this place as a percentage of turns spent in the entire game.
 B = Non-inter-level travel turns spent in this place as a percentage of non-inter-level travel turns spent in the entire game.
 C = Inter-level travel turns spent in this place as a percentage of turns spent in this place.
 D = Turns resting spent in this place as a percentage of non-inter-level travel turns spent in this place.
 E = Turns spent auto-exploring this place as a percentage of non-inter-level travel turns spent in this place.
 F = Non-inter-level travel turns spent in this place divided by the number of levels of this place that you've seen.
                   A       B       C       D       E      F
               +-------+-------+-------+-------+-------+----------------------
         Total | 100.0 | 100.0 |   0.0 |   0.0 |  10.7 |  28.0
       Dungeon | 100.0 | 100.0 |   0.0 |   0.0 |  10.7 |  28.0
               +-------+-------+-------+-------+-------+----------------------

Table legend:
 A = Kills in this place as a percentage of kills in entire the game.
 B = Kills by you in this place as a percentage of kills by you in the entire game.
 C = Kills by friends in this place as a percentage of kills by friends in the entire game.
 D = Other kills in this place as a percentage of other kills in the entire game.
 E = Experience gained in this place as a percentage of experience gained in the entire game.
 F = Experience gained in this place divided by the number of levels of this place that you have seen.
                   A       B       C       D       E      F
               +-------+-------+-------+-------+-------+----------------------
         Total | 100.0 | 100.0 |  -nan |  -nan | 100.0 |   2.0
       Dungeon | 100.0 | 100.0 |  -nan |  -nan | 100.0 |   2.0
               +-------+-------+-------+-------+-------+----------------------
